 Dungeon Crawl Stone Soup version 0.26.0-20-g3ca415f5b8 (console) character file.

Game seed: 13251139198828843573

3009 om the Blocker (level 9, 0/111 HPs)
             Began as a Minotaur Fighter on Jan 25, 2021.
             Was a Priest of Nemelex Xobeh.
             Slain by a two-headed ogre
             ... wielding a +0 giant spiked club
              (6 damage)
             ... on level 8 of the Dungeon.
             The game lasted 00:19:36 (7339 turns).

om the Blocker (Minotaur Fighter)                   Turns: 7339, Time: 00:19:37

Health: 0/111      AC: 24    Str: 23      XL:     9   Next: 54%
Magic:  8/8        EV:  2    Int:  2 (5)  God:    Nemelex Xobeh [***...]
Gold:   40         SH: 12    Dex: 10 (11) Spells: 8/8 levels left

rFire    . . .     SeeInvis .   a - +0 war axe
rCold    . . .     Faith    .   I - +1 kite shield {reflect}
rNeg     + + +     Spirit   .   (armour currently unavailable)
rPois    +         Reflect  +   (helmet currently unavailable)
rElec    .         Harm     .   (cloak currently unavailable)
rCorr    .         Rampage  .   (gloves currently unavailable)
Will     +....     NoTele   +   (boots currently unavailable)
Stlth    +.........             e - amulet of magic regeneration
HPRegen  0.28/turn              f - +4 ring of slaying
MPRegen  0.36/turn              D - ring of willpower

@: tree-form
A: (retaliatory headbutt)
a: Renounce Religion, Draw Escape, Draw Destruction, Draw Summoning, Triple Draw


You were on level 8 of the Dungeon.
You worshipped Nemelex Xobeh.
Nemelex Xobeh was most pleased with you.
You were a tree.
You visited 1 branch of the dungeon, and saw 8 of its levels.
You also visited: Ossuary.

You collected 410 gold pieces.
You spent 370 gold pieces at shops.

Inventory:

Hand Weapons
 a - a +0 war axe (weapon)
 y - a +5 battleaxe
Armour
 c - a +1 kite shield
 l - a +0 chain mail (melded)
 m - a scarf of repulsion (melded)
 H - a +2 hat (melded)
 I - a +1 kite shield of reflection (worn)
Jewellery
 e - an amulet of magic regeneration (around neck)
 f - a +4 ring of slaying (left branch)
 h - an uncursed ring of resist corrosion
 A - an uncursed ring of ice
 D - a ring of willpower (right branch)
Wands
 o - a wand of flame (20)
 u - a wand of digging (5)
 v - a wand of disintegration (13)
 x - a wand of paralysis (6)
 K - a wand of random effects (26)
Scrolls
 b - a scroll of fear
 g - 4 scrolls of remove curse
 j - a scroll of enchant armour
 k - a scroll of enchant weapon {unknown}
 n - 5 scrolls of teleportation
 q - a scroll of fog {unknown}
 s - 3 scrolls of amnesia
 t - a scroll of blinking {unknown}
 F - a scroll of immolation {unknown}
 G - a scroll of vulnerability
Potions
 d - 4 potions of lignification
 i - 8 potions of curing
 p - 2 potions of attraction
 r - a potion of flight {unknown}
 w - 2 potions of ambrosia
 z - a potion of cancellation
 B - a potion of haste
 C - a potion of invisibility
 E - a potion of mutation {unknown}
 J - a potion of heal wounds


   Skills:
 - Level 5.0 Fighting
 - Level 6.0 Axes
 + Level 9.1 Armour
 + Level 7.4 Dodging
 + Level 9.4 Shields


You had 8 spell levels left.
You didn't know any spells.
Your spell library contained the following spells:

 Spells                   Type           Power        Failure   Level
 Magic Dart               Conj           0%           80%         1
 Searing Ray              Conj           0%           90%         2
 Dazzling Flash           Conj/Hex       0%           99%         3
 Fulminant Prism          Conj/Hex       0%           100%        4
 Iskenderun's Mystic Bla  Conj/Tloc      0%           100%        4


Dungeon Overview and Level Annotations

Branches:
Dungeon (8/15)             Temple (0/1) D:4         Ossuary (visited)
   Lair: D:8-11

Altars:
Ashenzari
Nemelex Xobeh
Vehumet
Xom

Shops:
D:8 [*


Innate Abilities, Weirdness & Mutations

((You reflexively headbutt those who attack you in melee.))
((You have a pair of horns on your head.))


Message History

You completely miss the two-headed ogre.
The two-headed ogre is severely wounded.
You block the two-headed ogre's attack.
The two-headed ogre hits you with a +0 giant club.
* * * LOW HITPOINT WARNING * * *
You hit the two-headed ogre.
The two-headed ogre is severely wounded.
The two-headed ogre hits you but does no damage. x2
You hit the two-headed ogre.
The two-headed ogre is severely wounded.
The two-headed ogre hits you with a +0 giant spiked club.
* * * LOW HITPOINT WARNING * * *
The two-headed ogre hits you but does no damage.
You barely miss the two-headed ogre.
The two-headed ogre is severely wounded.
The two-headed ogre hits you with a +0 giant spiked club!
* * * LOW HITPOINT WARNING * * *
The two-headed ogre hits you with a +0 giant club.
You die...
Your body glows with a rainbow of weird colours and disappears.

## .# .# .#
.# #####O#
#...♣.#
#.#####
#..##
####...####
+...........
###.[....###
#...##.#
#..## .#
#...##.# #+#
#....#.# #.#
#....#.#


You could see a two-headed ogre.

Vanquished Creatures
  2 steam dragons (D:5)
  A boggart (D:5)
  An orc warrior (D:8)
  A hornet zombie (Ossuary)
  A necrophage (D:8)
  3 ogres
  2 centaurs
  3 bullfrogs (D:6)
  A wyvern zombie (Ossuary)
  A water moccasin zombie (D:8)
  A scorpion (D:4)
  6 wights
  3 howler monkeys (D:6)
  3 bullfrog zombies
  3 orc priests
  A bullfrog skeleton (D:6)
  5 hounds
  3 iguanas
  21 mummies (Ossuary)
  2 orc wizards
  2 worker ants
  A killer bee zombie (Ossuary)
  2 hound zombies (Ossuary)
  3 worker ant zombies
  A howler monkey zombie (Ossuary)
  A howler monkey skeleton (D:4)
  10 adders
  4 shadow imps
  2 white imps
  3 ufetubi
  3 adder zombies (Ossuary)
  A worm (D:4)
  4 dart slugs
  2 leopard geckos
  20 orcs
  6 giant cockroaches
  11 goblins
  11 hobgoblins
  10 jackals
  3 quokkas
  8 bats
  7 frilled lizards
  2 giant cockroach zombies (Ossuary)
  4 kobolds
  A leopard gecko skeleton (D:5)
  A quokka skeleton (D:5)
  A quokka zombie (Ossuary)
  13 rats
201 creatures vanquished.

Vanquished Creatures (others)
  2 withered plants (Ossuary)
2 creatures vanquished.

Grand Total: 203 creatures vanquished

Notes
Turn   | Place    | Note
-------+----------+-------------------------------------------
     0 | D:1      | om the Minotaur Fighter began the quest for the Orb.
     0 | D:1      | Reached XP level 1. HP: 19/19 MP: 0/0
   153 | D:1      | Reached XP level 2. HP: 24/27 MP: 1/1
   282 | D:1      | Found a sparkling altar of Nemelex Xobeh.
   284 | D:1      | Found a shimmering altar of Xom.
   284 | D:1      | Found a glowing silver altar of Zin.
   289 | D:1      | Found a basalt altar of Yredelemnul.
   289 | D:1      | Found a glowing silver altar of Zin.
   289 | D:1      | Found a broken altar of Ashenzari.
   808 | D:2      | Found a sparkling altar of Nemelex Xobeh.
   847 | D:2      | Reached XP level 3. HP: 33/33 MP: 2/2
   882 | D:2      | Became a worshipper of Nemelex Xobeh the Trickster
   908 | D:2      | Reached skill level 1 in Dodging
  1074 | D:2      | Reached XP level 4. HP: 33/41 MP: 3/3
  1818 | D:3      | Reached XP level 5. HP: 42/47 MP: 4/4
  1976 | D:3      | Noticed an ogre
  2252 | D:3      | Noticed an ogre
  2298 | D:3      | HP: 2/47 [ogre/+0 giant club (10)]
  2301 | D:3      | Killed an ogre
  2302 | D:3      | Reached skill level 5 in Fighting
  2509 | D:3      | Reached * piety under Nemelex Xobeh
  2734 | D:4      | Reached XP level 6. HP: 47/56 MP: 5/5
  2956 | D:4      | Received a gift from Nemelex Xobeh
  3176 | D:4      | Found a staircase to the Ecumenical Temple.
  3237 | D:4      | Reached skill level 5 in Axes
  3241 | D:4      | Reached skill level 5 in Shields
  3426 | D:4      | Found a broken altar of Ashenzari.
  3844 | D:5      | Entered Level 5 of the Dungeon
  4045 | D:5      | Noticed an orc warrior
  4055 | D:5      | Noticed a steam dragon
  4055 | D:5      | an orc warrior changed into a steam dragon
  4057 | D:5      | Killed a steam dragon
  4058 | D:5      | Reached skill level 5 in Armour
  4058 | D:5      | Reached XP level 7. HP: 25/61 MP: 6/6
  4280 | D:5      | Noticed Dowan
  4280 | D:5      | Noticed Duvessa
  4281 | D:5      | Noticed Duvessa
  4281 | D:5      | Duvessa changed into Duvessa the boggart
  4281 | D:5      | Noticed Dowan
  4281 | D:5      | Dowan changed into Dowan the steam dragon
  4295 | D:5      | Killed Dowan the steam dragon
  4303 | D:5      | Killed Duvessa the boggart
  4495 | D:5      | Reached ** piety under Nemelex Xobeh
  4529 | D:5      | Reached XP level 8. HP: 59/68 MP: 7/7
  5156 | D:6      | Reached skill level 5 in Dodging
  5301 | D:6      | Found a sand-covered staircase.
  5305 | Ossuary  | Entered an ossuary
  5560 | Ossuary  | Reached XP level 9. HP: 56/74 MP: 8/8
  6334 | D:6      | Found a radiant altar of Vehumet.
  6474 | D:7      | Reached *** piety under Nemelex Xobeh
  6814 | D:7      | Received a gift from Nemelex Xobeh
  6972 | D:8      | Found Liamy's Assorted Antiques.
  6977 | D:8      | Bought a scroll labelled BEZXILOYPH for 22 gold pieces
  6977 | D:8      | Bought a scroll labelled KIRYUV FAFOOVULO for 22 gold
                  | pieces
  6977 | D:8      | Bought a scroll labelled BEZXILOYPH for 22 gold pieces
  7230 | D:8      | Found Zukhluely's Antique Armour Emporium.
  7242 | D:8      | Bought a glowing hat for 147 gold pieces
  7242 | D:8      | Bought a runed kite shield for 157 gold pieces
  7328 | D:8      | Noticed a two-headed ogre
  7339 | D:8      | Slain by a two-headed ogre

Illustrated notes

Levels and vault maps discovered:
D:1:      dpeg_arrival_boxorama, layout_loops_cross, kennysheep_doodads,
          doesnt_xom_only_xom
D:2:      layout_basic, overflow_temple_1_default
D:3:      layout_loops_ring, guppyfry_early_orc_mine
D:4:      layout_loops_corners, nicolae_ashenzari_panopticon,
          minmay_temple_entry_stoned_glass
D:5:      layout_basic, mrwooster_statue_mirror, uniq_duvessa
D:6:      layout_rooms, enter_ossuary_5, vehumet_altar_wand_db
D:7:      layout_cave_pools, kennysheep_generic_room_14
D:8:      layout_loops_corners, overflow_temple_1_default, serial_shops, shop,
          shop, minmay_holes

Skill      XL: |  1  2  3  4  5  6  7  8  9 |
---------------+----------------------------+-----
Fighting       | 4 5 |  5.0
Axes           | 3 4 5 6 |  6.0
Dodging        | 1 2 3 4 6 7 |  7.4
Armour         | 4 5 6 8 9 |  9.1
Shields        | 4 5 6 8 9 |  9.4

Action                   |  1- 3 |  4- 6 |  7- 9 || total
-------------------------+-------+-------+-------++-------
Melee: War axe           |    71 |   129 |   264 ||   464
       Headbutt          |    13 |    18 |    58 ||    89
Invok: Draw Destruction  |       |     2 |     2 ||     4
  Use: Potion            |     1 |     1 |     4 ||     6
       Scroll            |       |     7 |    12 ||    19
Armor: Scale mail        |    40 |     5 |       ||    45
       Chain mail        |       |    45 |    80 ||   125
       Skin              |       |       |     2 ||     2
Dodge: Dodged            |    17 |    32 |    76 ||   125
       Repelled          |       |       |     3 ||     3
Block: Kite shield       |    47 |    58 |   158 ||   263
